 Dungeon Crawl Stone Soup version 0.21-a0-525-ga34b322 (webtiles) character file.

97183 Nirn the Fencer (level 16, -20/107 HPs)
             Began as a Tengu Gladiator on Dec 7, 2017.
             Was a High Priest of Qazlal.
             Killed from afar by Nikola (22 damage)
             ... with a chain lightning
             ... on level 1 of the Swamp.
             The game lasted 02:35:55 (33158 turns).

Nirn the Fencer (Tengu Gladiator)                  Turns: 33158, Time: 02:35:56

Health: -20/107    AC: 18    Str: 16    XL:     16   Next: 18%
Magic:  0/23       EV: 27    Int:  9    God:    Qazlal [*****.]
Gold:   1589       SH:  7    Dex: 23    Spells: 15/15 levels left

rFire    . . .     SeeInvis .   a - +3 scimitar (flame)
rCold    . . .     Gourm    .   (no shield)
rNeg     + . .     Faith    .   e - +3 troll leather armour
rPois    +         Spirit   +   c - +2 hat
rElec    +         Reflect  .   i - +2 cloak
rCorr    .         Harm     .   u - +2 pair of gloves
MR       +....                  (boots unavailable)
Stlth    +.........             q - amulet of guardian spirit
HPRegen  0.67/turn              E - ring of positive energy
MPRegen  0.18/turn              t - ring of poison resistance

@: protected from electricity, flying quickly and evasively, repel missiles,
quick
A: beak, talons 3, strong 1, MP-powered wands, able to fly 2
a: Stop Flying, Upheaval, Elemental Force, Disaster Area, Renounce Religion


You were on level 1 of the Swamp.
You worshipped Qazlal.
Qazlal was extremely pleased with you.
You were not hungry.

You visited 5 branches of the dungeon, and saw 25 of its levels.
You also visited: Sewer.

You collected 2257 gold pieces.
You spent 668 gold pieces at shops.

Inventory:

Hand Weapons
 a - a +3 scimitar of flaming (weapon)
 o - a +4 great sword of holy wrath
 G - a +1 vampiric demon blade
Missiles
 M - 8 javelins (quivered)
Armour
 c - a +2 hat (worn)
 e - a +3 troll leather armour (worn)
 i - a +2 cloak (worn)
 m - a +2 robe of magic resistance
 u - a +2 pair of gloves (worn)
 V - the +4 ring mail of the Heavens {+Inv +Fly}
   (You found it on level 3 of the Lair of Beasts)

   It lets you turn invisible.
   It lets you fly.
Jewellery
 b - an uncursed amulet of faith
 q - an amulet of guardian spirit (around neck)
 r - a +3 ring of protection
 s - an uncursed ring of protection from fire
 t - a ring of poison resistance (right hand)
 E - a ring of positive energy (left hand)
 F - a +3 ring of protection
Wands
 n - a wand of disintegration (32)
 y - a wand of digging (45)
 A - a wand of flame (23)
 B - a wand of iceblast (13)
Scrolls
 g - 14 scrolls of teleportation
 h - 5 scrolls of magic mapping
 l - 12 scrolls of remove curse
 C - 4 scrolls of identify
 L - a scroll of fear
 R - 3 scrolls of amnesia
 W - 2 scrolls of fog
Potions
 j - 3 potions of invisibility
 k - 2 potions of brilliance
 p - 9 potions of curing
 w - 5 potions of might
 z - 2 potions of magic
 D - 2 potions of resistance
 H - 3 potions of cancellation
 J - 4 potions of haste
 P - 3 potions of mutation
 Q - 2 potions of ambrosia
 U - a potion of agility
 Y - a potion of heal wounds
Books
 N - a book of Misfortune

   Spells                             Type                      Level
   a - Confusing Touch                Hexes                        1
   b - Confuse                        Hexes                        3
   c - Gell's Gravitas                Translocation                3
   d - Petrify                        Transmutation/Earth          4
   e - Metabolic Englaciation         Hexes/Ice                    5
   f - Yara's Violent Unravelling     Hexes/Transmutation          5
 O - a book of Power

   Spells                             Type                      Level
   a - Iskenderun's Battlesphere      Conjuration/Charms           5
   b - Venom Bolt                     Conjuration/Poison           5
   c - Bolt of Magma                  Conjuration/Fire/Earth       5
   d - Iron Shot                      Conjuration/Earth            6
   e - Orb of Destruction             Conjuration                  7
   f - Spellforged Servitor           Conjuration/Summoning        7
 S - a book of Maledictions

   Spells                             Type                      Level
   a - Corona                         Hexes                        1
   b - Ensorcelled Hibernation        Hexes/Ice                    2
   c - Confuse                        Hexes                        3
   d - Tukima's Dance                 Hexes                        3
   e - Dazzling Spray                 Conjuration/Hexes            3
Comestibles
 d - 2 chunks of flesh
 f - 17 bread rations
 v - 20 fruits
 x - 12 meat rations
 I - 2 royal jellies


   Skills:
 + Level 14.9 Fighting
 + Level 17.1 Long Blades
 - Level 2.0 Throwing
 - Level 12.3 Armour
 + Level 11.7 Dodging
 + Level 8.7 Invocations


You had 15 spell levels left.
You didn't know any spells.

Dungeon Overview and Level Annotations

Branches:
Dungeon (15/15)            Temple (1/1) D:4            Lair (6/6) D:8
  Swamp (1/4) Lair:4       Spider (0/4) Lair:4        Slime (0/5) Lair:5
    Orc (2/2) D:9             Elf (0/3) Orc:2        Vaults (0/5) D:14
 Depths (0/5) D:15

Altars:
Ashenzari
Cheibriados
Dithmenos
Elyvilon
Fedhas
Gozag
Hepliaklqana
Kikubaaqudgha
Makhleb
Nemelex Xobeh
Okawaru
Qazlal
Ru
Sif Muna
Trog
Uskayaw
Vehumet
Wu Jian
Xom
Yredelemnul
Zin
The Shining One

Shops:
D:12 %:[![   D:14 *   Orc:2 }:*}

Annotations:
D:14 exclusion: door
Swamp:1 Nikola


Innate Abilities, Weirdness & Mutations

You have a beak for a mouth.
You have claws for feet.
You can fly continuously.
Your muscles are strong. (Str +2)
You expend magic power (3 MP) to strengthen your wands.


Message History

Nikola is heavily wounded.
Nikola raves, "Can you feel it? Can you feel it?
CAN YOU FEEL IT?"
Nikola barely misses you.
You riposte.
You slash Nikola! You burn Nikola. Your kick misses Nikola.
Nikola is heavily wounded.
Unknown command.
You slice Nikola!! You burn Nikola. You claw Nikola!
Nikola is severely wounded.
Unknown command.
You slash Nikola! You burn Nikola. You peck Nikola.
Nikola is almost dead.
You hear an angry buzzing noise.
Nikola casts a spell.
You hear a mighty clap of thunder!
The lightning arc hits you!
The lightning arc hits Nikola.
The lightning arc hits you!
* * * LOW HITPOINT WARNING * * *
The lightning arc hits Nikola.
The lightning arc hits you!
You feel protected from electricity.
You die...

.. .≈≈≈≈≈≈♣ ...
♣.≈...÷♣
..≈♣♣......
.≈≈≈≈...÷.♣♣♣♣♣♣♣.
..≈≈≈.♣.≈.≈...≈≈≈.
..≈≈.§§§§§≈≈≈≈≈≈≈≈
.≈≈≈≈§≈≈≈§≈≈≈≈≈.≈≈
.....≈@@≈≈≈≈≈≈≈≈≈.
.....≈§§≈≈.≈≈≈≈.♣♣
.§...§§≈§≈<÷≈≈≈≈♣
...♣♣.≈≈≈.†§≈≈≈.≈.
≈≈ ♣≈≈≈≈≈≈≈≈≈≈≈♣♣
≈ ♣..≈≈≈≈≈≈≈≈...♣
...≈..≈≈≈≈≈≈....
≈.♣.♣♣....≈≈..≈.≈
≈.♣♣ ♣♣♣♣♣≈♣≈....


You could see Nikola.

Vanquished Creatures
  2 orc warlords
  6 dire elephants
  An ettin (Orc:1)
  A merfolk impaler (D:14)
  8 vault guards (D:14)
  7 hydras
  An anaconda (Lair:6)
  Fannar (Orc:1)
  Erica (Lair:1)
  5 centaur warriors
  A merfolk avatar (D:14)
  8 two-headed ogres
  A death yak (Lair:4)
  4 tengu warriors
  5 orc high priests
  Sonja (D:11)
  An unseen horror (D:13)
  A swamp dragon (Lair:4)
  4 orc knights (Orc:1)
  A necromancer (D:15)
  3 deep elf magi
  4 ugly things
  5 orc sorcerers
  3 cyclopes
  4 manticores
  10 elephants
  Joseph (D:8)
  3 black mambas
  Maurice (D:10)
  A gargoyle (D:10)
  2 naga magi (D:15)
  10 centaur skeletons
  12 spiny frogs
  8 komodo dragons
  2 ice devils
  4 kobold demonologists
  A tengu conjurer (D:15)
  4 polar bears
  7 trolls
  2 slime creatures
  A tyrant leech (Swamp:1)
  3 bog bodies
  9 blink frogs
  A dream sheep (Lair:6)
  5 hippogriffs
  A water elemental (D:15)
  4 shadows
  2 wraiths
  A spriggan (Lair:3)
  44 yaks
  2 wyverns
  2 hungry ghosts
  3 basilisks
  5 wargs (Orc:1)
  A two-headed ogre zombie (D:9)
  4 soldier ants
  6 swamp worms
  2 hell hounds (Lair:1)
  9 water moccasins
  5 porcupines
  34 orc warriors
  A swamp drake (Swamp:1)
  4 ice beasts
  2 sky beasts
  A meliai simulacrum (D:15)
  2 necrophages
  9 phantoms
  4 black bears
  5 wolves (Lair:3)
  2 eyes of draining
  12 ogres
  12 centaurs
  9 crocodiles
  8 big kobolds
  16 bullfrogs
  A gnoll sergeant (D:8)
  A wyvern skeleton (D:14)
  2 scorpions (D:8)
  6 killer bees (D:13)
  4 howler monkeys
  18 wights
  9 electric eels
  9 crimson imps
  6 hounds
  A bullfrog zombie (D:12)
  4 centaur zombies
  A quasit (D:13)
  26 orc priests
  5 jellies
  Ijyb (D:5)
  2 bullfrog skeletons
  8 worker ants
  2 iguanas
  40 orc wizards
  7 ogre zombies (D:9)
  A hound skeleton (D:8)
  Robin (D:2)
  9 gnolls
  9 river rats (Sewer)
  2 worker ant zombies (D:11)
  11 adders
  4 shadow imps
  An adder skeleton (D:6)
  A dart slug (D:1)
  9 leopard geckos
  80 orcs
  4 ball pythons
  6 bats
  2 giant cockroaches
  11 goblins
  6 hobgoblins
  5 jackals
  6 quokkas
  9 frilled lizards
  2 goblin skeletons (D:9)
  A goblin zombie (D:9)
  A hobgoblin skeleton (D:9)
  2 hobgoblin zombies (D:9)
  21 kobolds
  2 leopard gecko skeletons
  6 orc skeletons (D:9)
  13 orc zombies (D:9)
  A quokka zombie (D:6)
  22 rats
  A butterfly (Lair:4)
  4 plants
784 creatures vanquished.

Vanquished Creatures (others)
  An unseen horror (D:14)
  A tengu conjurer (D:13)
  A hornet (D:14)
  3 bog bodies (Swamp:1)
  A crimson imp (D:12)
  4 fungi
  12 plants
23 creatures vanquished.

Grand Total: 807 creatures vanquished

Notes
Turn   | Place    | Note
-------+----------+-------------------------------------------
     0 | D:1      | Nirn the Tengu Gladiator began the quest for the Orb.
     0 | D:1      | Reached XP level 1. HP: 12/12 MP: 2/2
   303 | D:1      | Reached XP level 2. HP: 8/17 MP: 3/3
   483 | D:1      | Reached skill level 4 in Long Blades
   892 | D:1      | Reached XP level 3. HP: 15/21 MP: 4/4
  1637 | D:2      | Noticed Robin
  1660 | D:2      | Reached skill level 5 in Long Blades
  1678 | D:2      | Killed Robin
  1678 | D:2      | Reached XP level 4. HP: 3/26 MP: 5/5
  1678 | D:2      | HP: 1/26 [poisoned by Robin]
  2421 | D:3      | Found a glowing drain.
  2425 | Sewer    | Entered a sewer
  2445 | Sewer    | Reached skill level 6 in Long Blades
  2448 | Sewer    | Gained mutation: You can fly. [Tengu growth]
  2448 | Sewer    | Reached XP level 5. HP: 13/30 MP: 6/6
  3092 | D:3      | Reached skill level 7 in Long Blades
  3369 | D:3      | Reached XP level 6. HP: 35/35 MP: 7/7
  3724 | D:3      | Found a sparkling altar of Nemelex Xobeh.
  3861 | D:4      | Found a shadowy altar of Dithmenos.
  3862 | D:4      | Found a glowing silver altar of Zin.
  3862 | D:4      | Found an opulent altar of Gozag.
  4286 | D:4      | Found a staircase to the Ecumenical Temple.
  4304 | Temple   | Entered the Ecumenical Temple
  4345 | Temple   | Became a worshipper of Qazlal Stormbringer
  4465 | D:4      | Noticed a phantom
  4493 | D:4      | Killed a phantom
  4493 | D:4      | Reached skill level 8 in Long Blades
  4570 | D:4      | Found a sparkling altar of Nemelex Xobeh.
  4738 | D:5      | Entered Level 5 of the Dungeon
  4785 | D:5      | Reached XP level 7. HP: 40/40 MP: 8/8
  4865 | D:5      | Reached skill level 9 in Long Blades
  5040 | D:5      | Found an ancient bone altar of Kikubaaqudgha.
  5289 | D:5      | Noticed a two-headed ogre
  5304 | D:5      | Killed a two-headed ogre
  5304 | D:5      | Reached skill level 11 in Long Blades
  5304 | D:5      | Reached XP level 8. HP: 20/44 MP: 5/9
  5487 | D:5      | Noticed Ijyb
  5501 | D:5      | Killed Ijyb
  5934 | D:6      | Found a sacrificial altar of Ru.
  5956 | D:6      | Found an iron altar of Okawaru.
  6108 | D:6      | Reached skill level 12 in Long Blades
  6170 | D:6      | Reached XP level 9. HP: 39/48 MP: 10/10
  6483 | D:6      | Reached skill level 13 in Long Blades
  6493 | D:6      | Reached * piety under Qazlal
  7114 | D:7      | Reached skill level 14 in Long Blades
  7203 | D:8      | Noticed Joseph
  7212 | D:8      | Killed Joseph
  7355 | D:8      | Noticed a two-headed ogre
  7440 | D:8      | Killed a two-headed ogre
  7440 | D:8      | Reached XP level 10. HP: 32/58 MP: 7/11
  7703 | D:8      | Reached ** piety under Qazlal
  7826 | D:8      | Reached skill level 5 in Fighting
  7866 | D:8      | Reached skill level 5 in Armour
  8231 | D:8      | Found a staircase to the Lair.
  8328 | D:8      | Found an ornate altar of the Wu Jian Council.
  8329 | D:8      | Found a white marble altar of Elyvilon.
  8376 | Lair:1   | Entered Level 1 of the Lair of Beasts
  8383 | Lair:1   | Noticed Erica
  8828 | Lair:1   | Killed Erica
  8884 | Lair:1   | Noticed a spiny frog
  8892 | Lair:1   | Killed a spiny frog
  8892 | Lair:1   | Reached XP level 11. HP: 46/67 MP: 8/12
  8915 | Lair:1   | Noticed a four-headed hydra
  9074 | Lair:1   | Killed a one-headed hydra
 12071 | Lair:3   | Reached *** piety under Qazlal
 12081 | Lair:3   | Reached skill level 10 in Armour
 12186 | Lair:3   | Noticed an eight-headed hydra
 12199 | Lair:3   | Killed a five-headed hydra
 12221 | Lair:3   | Reached skill level 10 in Fighting
 12221 | Lair:3   | Reached XP level 12. HP: 66/77 MP: 13/13
 12549 | Lair:3   | Got a slimy ring mail
 13026 | Lair:3   | Identified the +4 ring mail of the Heavens {+Inv +Fly} (You found it on level 3 of the Lair of Beasts)
 13229 | Lair:4   | Noticed a seven-headed hydra
 13250 | Lair:4   | Noticed a five-headed hydra
 13252 | Lair:3   | Killed a two-headed hydra
 13380 | Lair:4   | Noticed a death yak
 13384 | Lair:4   | Killed a one-headed hydra
 13569 | Lair:4   | Killed a death yak
 14790 | Lair:4   | Reached **** piety under Qazlal
 14902 | Lair:4   | Found a hole to the Spider Nest.
 15000 | Lair:4   | Found a staircase to the Swamp.
 15445 | Lair:5   | Reached XP level 13. HP: 29/85 MP: 6/14
 15945 | Lair:5   | Reached skill level 5 in Dodging
 16298 | Lair:5   | Found a staircase to the Slime Pits.
 16697 | Lair:6   | Entered Level 6 of the Lair of Beasts
 17292 | Lair:6   | Reached skill level 1 in Invocations
 18267 | Lair:6   | Noticed a dire elephant
 18267 | Lair:6   | Noticed a dire elephant
 18295 | Lair:6   | Noticed a dire elephant
 18500 | Lair:5   | Killed a dire elephant
 18613 | Lair:6   | Noticed a dire elephant
 18715 | Lair:5   | Killed a dire elephant
 18746 | Lair:6   | Noticed a dire elephant
 18758 | Lair:6   | Noticed a dire elephant
 19162 | Lair:5   | Killed a dire elephant
 19437 | Lair:5   | Killed a dire elephant
 19658 | Lair:6   | Killed a dire elephant
 19840 | Lair:6   | Reached skill level 15 in Long Blades
 19994 | Lair:6   | Killed a dire elephant
 20385 | D:9      | Reached ***** piety under Qazlal
 20798 | D:9      | Found a staircase to the Orcish Mines.
 21154 | Orc:1    | Entered Level 1 of the Orcish Mines
 21158 | Orc:1    | Noticed an orc warlord
 22133 | D:9      | Killed an orc warlord
 22496 | D:9      | Gained mutation: You can fly continuously. [Tengu growth]
 22496 | D:9      | Reached XP level 14. HP: 90/94 MP: 13/18
 22675 | Orc:2    | Entered Level 2 of the Orcish Mines
 22796 | Orc:1    | Noticed Fannar
 23402 | Orc:2    | Gained mutation: You expend magic power (3 MP) to strengthen your wands. [a neqoxec]
 24141 | Orc:2    | Reached skill level 5 in Invocations
 24244 | Orc:2    | Gained mutation: Your muscles are strong. (Str +2) [a neqoxec]
 24813 | Orc:2    | Found a staircase to the Elven Halls.
 24817 | Orc:2    | Noticed an orc warlord
 24911 | Orc:1    | Killed an orc warlord
 25040 | Orc:2    | Found Qechatio's Gadget Shop.
 25040 | Orc:2    | Found Ajuuvogask's Book Shop.
 25041 | Orc:2    | Found Obed's Gadget Boutique.
 25044 | Orc:2    | Found Cebbal's Assorted Antiques.
 25055 | Orc:2    | Bought a scroll of enchant weapon for 247 gold pieces
 25422 | Orc:1    | Paralysed by an orc sorcerer for 5 turns
 25960 | Orc:1    | Killed Fannar
 26202 | D:10     | Entered Level 10 of the Dungeon
 26878 | D:10     | Noticed Maurice
 26888 | D:10     | Killed Maurice
 27252 | D:11     | Reached skill level 16 in Long Blades
 27321 | D:11     | Noticed Sonja
 27345 | D:11     | Killed Sonja
 27419 | D:11     | Reached ****** piety under Qazlal
 27443 | D:11     | Reached XP level 15. HP: 99/100 MP: 20/20
 27805 | D:11     | Got a dazzling leather armour
 27864 | D:11     | Reached skill level 10 in Dodging
 27982 | D:11     | Identified the cursed +1 leather armour of Laetuob {rF+} (You found it on level 11 of the Dungeon)
 28281 | D:12     | Found Ustos's Distillery.
 28370 | D:12     | Bought a potion of heal wounds for 50 gold pieces
 28589 | D:12     | Found Roove's Antique Armour Boutique.
 29006 | D:12     | Found Vof Baun's Armour Boutique.
 29117 | D:12     | Found Muluy's Book Emporium.
 29134 | D:12     | Found Goevisea's Food Emporium.
 29142 | D:12     | Bought 4 fruits for 72 gold pieces
 29269 | D:12     | Got a fine robe
 29569 | D:12     | Identified the +2 robe of Qoirchek {rC+ Int-3 Dex+2} (You found it on level 12 of the Dungeon)
 29804 | Orc:2    | Bought a scroll of enchant armour for 247 gold pieces
 31229 | D:14     | Found Ofoqemuer's General Store.
 31237 | D:14     | Bought a scroll of identify for 26 gold pieces
 31237 | D:14     | Bought a scroll of identify for 26 gold pieces
 31493 | D:14     | Found a gate to the Vaults.
 31679 | D:14     | Found a runed warning-scrawled door.
 31816 | D:14     | Found a runed door.
 31830 | D:14     | Found a runed door.
 31896 | D:15     | Entered Level 15 of the Dungeon
 32195 | D:15     | Reached XP level 16. HP: 107/107 MP: 14/23
 32197 | D:15     | Reached skill level 17 in Long Blades
 32216 | D:15     | Found a staircase to the Depths.
 32803 | Swamp:1  | Entered Level 1 of the Swamp
 32827 | Swamp:1  | Noticed Nikola
 33158 | Swamp:1  | HP: 2/107 [Nikola/chain lightning (35)]
 33158 | Swamp:1  | Killed from afar by Nikola

Vault maps used:
D:1:      nicolae_arrival_somewhat_less_tricky_arrival
D:2:      item_on_display_a, uniq_robin
D:3:      marbit_many_paths, first_bread, gup_sewer_entry_bowl
D:4:      gammafunk_temple_overflow_forgotten, minmay_temple_entry_butterflies,
          nemelex_xobeh_ov_fountains_minmay
D:5:      nicolae_overflow_hidden_temple, uniq_ijyb
D:6:      nicolae_overflow_crystal_walls, okawaru_metal_pillars_1_2,
          solitary_fountain
D:7:      dk_noncrumbling_3
D:8:      gammafunk_temple_overflow_pools, lair_entry_dummy, uniq_joseph
D:9:      zombieorc2_lemuel
D:10:     uniq_maurice
D:11:     uniq_sonja
D:12:     serial_shops, shop, shop_fountains, shop, shop, kennysheep_mini_moat,
          serial_bayou, serial_bayou_crossing, serial_bayou_lake_a,
          serial_bayou_pond_b, serial_bayou_lagoon_a
D:13:     grunt_tengu_nest
D:14:     erik_vaults_2, serial_shops, nicolae_shop_trees, serial_park_paths,
          minmay_misc_feat_more_columns, mikee_hates_you
D:15:     grunt_enter_depths_magical_seal, serial_bayou_shore_a
Temple:   cyrus_circular_temple
Lair:1:   enter_volcano_3, lemuel_fruit_tree, uniq_erica
Lair:2:   beast_lair_carwin_large_2, portal_ice_cave_demonic_guard,
          cheibrodos_lair_caveside_slide, infiniplex_staircase_pool,
          lemuel_fruit_fields
Lair:4:   nicolae_swamp_entry_splash_gauntlet, spider_nest_entry_web_field,
          grunt_forest_large_clearing_hut
Lair:5:   minmay_slime_entry_pillars
Lair:6:   due_jungle_book, guppyfry_lair_drakes
Swamp:1:  evilmike_swamp_ruin_house_5, infiniplex_staircase_pool_2, uniq_nikola
Orc:1:    uniq_fannar
Orc:2:    st_orc_mages
Sewer:    sewer_co_cracked_pipes

Skill      XL: |  1  2  3  4  5  6  7  8  9 10 11 12 13 14 15 16 |
---------------+-------------------------------------------------+-----
Long Blades    | 4 5 6 7 8 11 12 14 15 16 17 | 17.1
Fighting       | 4 7 10 11 13 14 | 14.9
Armour         | 4 7 10 12 | 12.3
Dodging        | 4 7 9 11 | 11.7
Invocations    | 4 6 8 |  8.7
Throwing       | |  2.0

Action                   |  1- 3 |  4- 6 |  7- 9 | 10-12 | 13-15 | 16-18 || total
-------------------------+-------+-------+-------+-------+-------+-------++-------
Melee: Long sword        |    76 |   171 |   225 |   568 |   406 |       ||  1446
       Peck              |     9 |    22 |    52 |   155 |   546 |    39 ||   823
       Kick              |    16 |    52 |    81 |   245 |   827 |    48 ||  1269
       Scimitar          |       |       |       |    33 |    81 |    50 ||   164
       Great sword       |       |       |       |    11 |     7 |       ||    18
       Demon blade       |       |       |       |       |  1237 |    50 ||  1287
Throw: Throwing net      |     1 |       |     3 |     1 |     4 |       ||     9
       Javelin           |       |       |       |       |    13 |       ||    13
Invok: Upheaval          |       |       |       |       |     6 |     5 ||    11
 Abil: Fly               |       |       |       |     1 |     2 |       ||     3
       Evoke Flight      |       |       |       |       |     4 |       ||     4
Evoke: Wand              |       |       |       |     1 |       |       ||     1
  Use: Potion            |       |     1 |       |     5 |     2 |       ||     8
       Scroll            |       |    14 |     8 |     7 |    22 |       ||    51
 Stab: Held in net/web   |       |       |     3 |       |     1 |       ||     4
  Eat: Chunk             |     2 |     6 |     7 |    24 |    43 |     2 ||    84
       Royal jelly       |       |     1 |       |       |     3 |       ||     4
       Bread ration      |       |     1 |       |       |       |       ||     1
       Fruit             |       |       |       |     1 |    18 |     1 ||    20
Armor: Plate armour      |    47 |    99 |   101 |   385 |    16 |       ||   648
       Ring mail         |       |       |       |       |   287 |       ||   287
       Troll leather arm |       |       |       |       |    64 |    17 ||    81
Dodge: Dodged            |    20 |    34 |    30 |   144 |   907 |    81 ||  1216
       Deflected         |       |       |       |       |    33 |     1 ||    34
Block: Other             |       |       |     5 |    90 |   403 |    36 ||   534
       Rpst.: Long sword |     4 |    10 |     6 |    27 |    40 |       ||    87
       Great sword       |       |       |       |       |     3 |       ||     3
       Demon blade       |       |       |       |       |   138 |     6 ||   144
       Scimitar          |       |       |       |       |     5 |     8 ||    13

Table legend:
 A = Spawn XP
 B = Non-spawn XP
 C = Spawn XP percentage of total XP
 D = Spawn monster count
 E = Non-spawn monster count
 F = Spawn count percentage of total count
 G = Total turns spent on level
                    A         B        C        D         E        F      G
               +---------+---------+-------+---------+---------+-------+---------
         Total |       0 |  138834 |   0.0 |       0 |     783 |   0.0 | 33158
               +---------+---------+-------+---------+---------+-------+---------
           D:1 |       0 |      41 |   0.0 |       0 |      17 |   0.0 |  1323
           D:2 |       0 |      53 |   0.0 |       0 |      20 |   0.0 |   971
           D:3 |       0 |      91 |   0.0 |       0 |      31 |   0.0 |   933
           D:4 |       0 |     268 |   0.0 |       0 |       4 |   0.0 |   838
           D:5 |       0 |    1294 |   0.0 |       0 |      11 |   0.0 |  1133
           D:6 |       0 |    1745 |   0.0 |       0 |      20 |   0.0 |   898
           D:7 |       0 |     450 |   0.0 |       0 |      15 |   0.0 |   795
           D:8 |       0 |    3928 |   0.0 |       0 |      48 |   0.0 |  2243
           D:9 |       0 |    5435 |   0.0 |       0 |      69 |   0.0 |  1626
          D:10 |       0 |    4285 |   0.0 |       0 |      21 |   0.0 |  1066
          D:11 |       0 |   10560 |   0.0 |       0 |      55 |   0.0 |  1109
          D:12 |       0 |    7176 |   0.0 |       0 |      54 |   0.0 |  1496
          D:13 |       0 |    9043 |   0.0 |       0 |      38 |   0.0 |  1007
          D:14 |       0 |   17103 |   0.0 |       0 |      45 |   0.0 |   955
          D:15 |       0 |   12147 |   0.0 |       0 |      25 |   0.0 |   719
        Lair:1 |       0 |    4621 |   0.0 |       0 |      14 |   0.0 |  1275
        Lair:2 |       0 |    2904 |   0.0 |       0 |      13 |   0.0 |  1542
        Lair:3 |       0 |    7242 |   0.0 |       0 |      30 |   0.0 |  2331
        Lair:4 |       0 |    7609 |   0.0 |       0 |      25 |   0.0 |  1633
        Lair:5 |       0 |   11569 |   0.0 |       0 |      26 |   0.0 |  2387
        Lair:6 |       0 |    8521 |   0.0 |       0 |      20 |   0.0 |  2354
       Swamp:1 |       0 |    2383 |   0.0 |       0 |       8 |   0.0 |    81
         Orc:1 |       0 |   12768 |   0.0 |       0 |      64 |   0.0 |  2388
         Orc:2 |       0 |    7442 |   0.0 |       0 |      77 |   0.0 |  1382
         Sewer |       0 |     156 |   0.0 |       0 |      33 |   0.0 |   611
               +---------+---------+-------+---------+---------+-------+---------
